Map: [ESL] Crimson Court

Players

Nice

  • Race: Protoss Protoss
  • Spawn Location: 1:00

GuMiho - Winner!

  • Race: Terran Terran
  • Spawn Location: 7:00

Event: ESL Spring 2024 Finals

VOD

Have the link to the VOD?

Description

Time

  • Played on: June 1, 2024, 10:16 a.m.
  • Length: 7:13

All games in this series

Show
View Real Time Build Order
Export as new Build Order

Nice Protoss 

Build Orders: 1 Gate Expand, Phoenix Opening, Mass Phoenix 

Get SALT Encoding   

  12  0:00  Probe  
  13  0:12  Probe  
  14  0:17  Pylon  
  14  0:24  Probe (Chrono Boost)  
  15  0:36  Gateway, Probe (Chrono Boost)  
  15  0:42  Probe  
  16  0:45  Assimilator  
  17  0:54  Probe  
  18  1:06  Probe  
  19  1:18  Probe  
  20  1:23  Cybernetics Core  
  20  1:31  Nexus  
  20  1:37  Pylon  
  20  1:44  Assimilator  
  20  1:45  Probe  
  21  1:56  Adept (Chrono Boost)  
  21  1:57  Probe  
  21  2:01  Shield Battery  
  24  2:09  Probe  
  25  2:19  Adept (Chrono Boost), Stargate  
  27  2:25  Probe  
  28  2:30  Warp Gate  
  28  2:38  Probe  
  28  2:42  Adept  
  28  2:43  Probe  
  32  2:50  Probe  
  33  2:55  Shield Battery  
  33  3:02  Probe, Phoenix (Chrono Boost)  
  33  3:05  Probe  
  35  3:14  Probe  
  36  3:20  Phoenix (Chrono Boost)  
  38  3:37  Phoenix (Chrono Boost)  
  38  3:39  Probe  
  38  3:40  Probe  
  42  3:42  Gateway  
  42  3:45  Gateway  
  42  3:53  Pylon, Probe x2  
  44  3:58  Pylon  
  44  4:01  Phoenix (Chrono Boost)  
  46  4:11  Probe x2  
  48  4:18  Twilight Council  
  48  4:23  Probe x2  
  50  4:24  Assimilator  
  50  4:28  Phoenix (Chrono Boost)  
  52  4:33  Pylon  
  52  4:35  Probe  
  52  4:37  Probe  
  52  4:38  Pylon  
  54  4:41  Adept  
  54  4:43  Adept  
  58  4:48  Probe  
  58  4:49  Probe  
  60  4:57  Phoenix  
  62  5:01  Probe x2  
  62  5:03  Charge (Chrono Boost)  
  62  5:04  Pylon  
  64  5:14  Probe  
  64  5:20  Adept x3  
  71  5:23  Probe  
  71  5:26  Pylon  
  71  5:28  Pylon  
  72  5:33  Phoenix  
  74  5:42  Zealot x3, Pylon  
  80  5:50  Pylon  
  80  5:58  Phoenix (Chrono Boost)  
  80  6:02  Zealot x3  
  88  6:14  Nexus  
  88  6:22  Phoenix (Chrono Boost)  
  90  6:26  Probe x2  
  90  6:29  Zealot x2  
  96  6:36  Zealot  
  96  6:38  Phoenix  
  100  6:50  Zealot x2  
  98  7:04  Zealot  
Show
View Real Time Build Order
Export as new Build Order

GuMiho Terran - Winner!

Build Orders: Cyclone Opening 

Get SALT Encoding   

  12  0:00  SCV  
  13  0:12  SCV  
  14  0:16  Supply Depot  
  14  0:24  SCV  
  14  0:27  Refinery  
  15  0:38  SCV  
  16  0:44  Barracks  
  16  0:50  SCV  
  17  1:02  SCV  
  18  1:14  SCV  
  19  1:30  Orbital Command  
  19  1:31  Marine, Factory  
  19  1:32  Supply Depot  
  20  1:49  Reaper  
  21  1:56  SCV  
  22  2:05  Command Center  
  22  2:09  SCV  
  23  2:16  Cyclone  
  23  2:21  SCV  
  26  2:24  Barracks Reactor  
  26  2:26  Supply Depot  
  26  2:33  SCV  
  27  2:37  Barracks  
  27  2:44  Refinery  
  27  2:45  SCV  
  28  2:52  Cyclone  
  28  2:57  SCV  
  29  3:06  Marine  
  29  3:07  Marine  
  29  3:09  SCV  
  32  3:21  SCV  
  32  3:26  Barracks Tech Lab  
  33  3:29  Orbital Command  
  33  3:30  Starport  
  33  3:31  Marine x2  
  33  3:33  SCV, Factory Reactor  
  35  3:45  Supply Depot  
  35  3:46  SCV, Stimpack  
  36  3:50  Marine  
  36  3:51  Marine  
  36  3:53  Marine  
  39  3:56  SCV  
  39  3:58  SCV  
  41  4:07  Medivac  
  43  4:10  SCV  
  43  4:11  SCV  
  43  4:12  Marine x3  
  48  4:18  Supply Depot  
  48  4:23  SCV x2  
  50  4:26  Barracks  
  50  4:28  Refinery  
  50  4:31  Engineering Bay  
  50  4:34  Marine  
  50  4:35  Marine x2  
  50  4:38  Factory Tech Lab  
  53  4:42  SCV x2  
  55  4:48  Supply Depot  
  52  4:54  SCV x2, Marine x3  
  52  4:58  Siege Tank  
  58  5:06  SCV x2  
  60  5:09  Terran Infantry Weapons Level 1  
  60  5:13  Supply Depot  
  60  5:15  Marine  
  60  5:18  Marine x2  
  60  5:21  Marine  
  64  5:23  Marine  
  64  5:25  SCV  
  64  5:26  SCV  
  67  5:35  Combat Shield  
  67  5:37  Supply Depot  
  67  5:38  SCV x2  
  67  5:41  Siege Tank  
  72  5:44  Medivac  
  72  5:45  Marine  
  72  5:47  Marine  
  72  5:49  Marine  
  76  5:50  Marine  
  76  5:51  Marine  
  77  6:01  SCV x2  
  77  6:03  Supply Depot  
  77  6:04  Marine  
  80  6:05  Marine  
  80  6:07  Marine  
  80  6:08  Marine  
  80  6:09  Marine  
  84  6:13  SCV x2  
  86  6:19  Medivac  
  86  6:21  Marine  
  86  6:23  Marine  
  86  6:25  Siege Tank, Marine  
  93  6:31  Marine x2  
  96  6:39  Marine  
  95  6:54  Missile Turret  
  95  6:55  Missile Turret  
Tags
 
Add a new tag
Caveats
  • Supply blocks, unpowered buildings, or Contaminate may cause inaccurate times.
  • Supply counts are checked every 10 seconds.